AoeStats
← WILL.I.AM

Arena

505601734Analyzed
4v4 RM · 22d ago on Sep 10, 2026· 42m 53s· 8 players
Game mode
Random Map
Map size
Large (8 player)
Population
200
Speed
Normal
Resources
Standard
Victory
Conquest
Starting age
Dark Age
Ending age
Imperial Age
RankedLock teamsTeams togetherTeam positionsShared explorationLock speedFull tech treeHidden civsTurbo modeCheats
Victory
Defeat
🇨🇳 Bulgarians · China
1315
+12
🇭🇰 Teutons · Hong Kong SAR China
1275
+14
🇨🇳 Magyars · China
1204
+17
🇺🇸 Portuguese · United States
1238
-18
🇲🇽 Shu · Mexico
1225
-17
🇺🇸 Vikings · United States
1219
-17
🇳🇿 Persians · New Zealand
1189
-15
ARM-Dahua
10:07 Feudal Age
12:41 Loom
13:03 Double-Bit Axe
15:32 Castle Age
14:13 Double-Bit Axe
17:01 Bow Saw
24:43 Horse Collar
29:16 Imperial Age
26:48 Heavy Plow
28:17 Wheelbarrow
27:35 Fletching
27:45 Padded Archer Armor
28:12 Bodkin Arrow
29:35 Leather Archer Armor
29:43 Ballistics
29:24 Heavy Cavalry Archer
31:23 Two-Man Saw
31:05 Parthian Tactics
31:43 Husbandry
31:53 Bloodlines
31:50 Thumb Ring
32:41 Hand Cart
32:28 Bracer
34:51 Chemistry
33:57 Siege Engineers
40:07 Scale Barding Armor
40:48 Ring Archer Armor
40:33 Masonry
40:28 Corvinian Army
39:49 Elite Magyar Huszar
41:05 Hoardings
42:13 Chain Barding Armor
41:57 Recurve Bow
我想给自己改个简单又不重复的名字
10:41 Feudal Age
14:48 Castle Age
13:25 Double-Bit Axe
13:52 Horse Collar
16:52 Bow Saw
22:02 Wheelbarrow
21:34 Gold Mining
23:02 Gold Shaft Mining
23:09 Hand Cart
26:49 Imperial Age
25:26 Bloodlines
25:06 Loom
25:43 Husbandry
26:16 Fletching
26:48 Ballistics
26:42 Bodkin Arrow
26:48 Padded Archer Armor
27:00 Thumb Ring
27:12 Heavy Cavalry Archer
28:42 Bracer
30:26 Chemistry
31:31 Leather Archer Armor
31:21 Capped Ram
32:44 Parthian Tactics
32:55 Siege Ram
34:21 Stone Mining
34:34 Heavy Plow
36:30 Light Cavalry
37:20 Scale Barding Armor
37:25 Forging
38:49 Cavalier
40:09 Paladin
42:14 Conscription
41:34 Hussar
42:44 Chain Barding Armor
_TY_梦涯
10:35 Feudal Age
9:50 Loom
14:28 Castle Age
12:45 Double-Bit Axe
13:17 Horse Collar
15:44 Bow Saw
19:22 Gold Mining
19:52 Heavy Plow
21:00 Scale Barding Armor
24:30 Forging
28:31 Scale Mail Armor
32:26 Fletching
32:51 Stirrups
33:39 Bodkin Arrow
34:06 Chain Barding Armor
34:03 Chain Mail Armor
38:32 Imperial Age
37:51 Iron Casting
37:07 Gambesons
37:23 Squires
37:08 Arson
37:48 Bloodlines
40:10 Wheelbarrow
40:12 Crop Rotation
39:14 Pikeman
40:16 Husbandry
40:23 Capped Ram
41:25 Siege Ram
43:34 Plate Mail Armor
44:05 Blast Furnace
_TY_Power
5:57 Loom
8:26 Feudal Age
13:59 Fletching
25:13 Castle Age
23:29 Double-Bit Axe
23:26 Horse Collar
26:11 Bow Saw
30:14 Wheelbarrow
30:47 Gold Mining
31:25 Heavy Plow
35:39 Imperial Age
33:30 Town Watch
34:00 Hand Cart
33:50 Stone Mining
34:12 Pikeman
34:52 Squires
35:25 Scale Mail Armor
35:35 Forging
35:13 Arson
36:03 Chain Mail Armor
36:18 Halberdier
37:36 Iron Casting
38:21 Chemistry
38:42 Conscription
38:53 Plate Mail Armor
39:24 Blast Furnace
39:57 Stone Shaft Mining
40:32 Two-Man Saw
40:23 Ironclad
39:59 Heavy Scorpion
42:23 Bodkin Arrow
42:54 Crenellations
43:12 Hoardings
42:53 Masonry
43:04 Ballistics
42:30 Arrowslits
43:09 Town Patrol
MZTK | Puppet
10:11 Feudal Age
15:42 Castle Age
25:59 Double-Bit Axe
25:57 Horse Collar
26:58 Wheelbarrow
34:32 Imperial Age
31:48 Loom
32:42 Fletching
32:53 Padded Archer Armor
33:55 Bodkin Arrow
34:53 Ballistics
35:27 Bow Saw
35:19 Heavy Plow
35:10 Gold Mining
35:11 Stone Mining
I ONLY MAKE SIEGE TOWERS
11:21 Feudal Age
12:08 Double-Bit Axe
15:22 Castle Age
13:38 Horse Collar
17:05 Fletching
23:16 Bodkin Arrow
25:32 Bow Saw
30:34 Gold Mining
33:21 Imperial Age
30:37 Town Watch
31:29 Stone Mining
31:40 Loom
32:18 Padded Archer Armor
32:15 Crossbowman
33:12 Leather Archer Armor
33:36 Ballistics
33:32 Arbalester
35:26 Bracer
39:22 Ring Archer Armor
voltic
4:56 Loom
10:49 Feudal Age
16:01 Castle Age
15:35 Double-Bit Axe
19:26 Bow Saw
19:41 Horse Collar
22:21 Redemption
23:26 Sanctity
24:18 Heavy Plow
26:00 Fervor
28:28 Stone Mining
28:29 Gold Mining
34:14 Imperial Age
32:21 Wheelbarrow
31:32 Town Watch
32:34 Ballistics
33:11 Forging
33:06 Scale Barding Armor
35:42 Hand Cart
35:28 Town Patrol
34:50 Elite Organ Gun
36:38 Conscription
36:19 Arquebus
38:17 Chemistry
39:10 Conscription
40:55 Pikeman
42:12 Halberdier
43:10 Scale Mail Armor
43:45 Iron Casting
WILL.I.AM
11:22 Feudal Age
12:11 Loom
14:34 Double-Bit Axe
17:00 Castle Age
16:44 Bloodlines
22:00 Horse Collar
23:26 Wheelbarrow
26:22 Stone Mining
33:21 Imperial Age
31:50 Town Watch
33:02 Hand Cart
33:07 Heavy Plow
33:54 Fletching
34:04 Padded Archer Armor
34:28 Bodkin Arrow
34:14 Elite Skirmisher
35:00 Thumb Ring
35:41 Crop Rotation
35:25 Bow Saw
35:20 Gold Mining
36:50 Ballistics
37:33 Chemistry
36:54 Ballistics
39:12 Leather Archer Armor
39:15 Kamandaran
39:36 Conscription
39:09 Crossbowman
40:22 Ring Archer Armor
Connection lost

Rejoining the realm…

Still unreachable

The connection could not be restored.

Session expired

The server has moved on; the page needs a fresh start.